 Dungeon Crawl Stone Soup version 0.23-a0-712-g3a644c0 (webtiles) character file.

81 emperorscorpion the Poker (level 4, -12/37 HPs)
             Began as a Merfolk Berserker on Jan 16, 2019.
             Was a Follower of Trog.
             Killed by divine providence
             ... invoked by an orc priest
              (15 damage)
             ... on level 4 of the Dungeon.
             The game lasted 00:01:59 (962 turns).

emperorscorpion the Poker (Merfolk Berserker)        Turns: 962, Time: 00:02:00

Health: -12/37     AC:  4    Str: 18    XL:     4   Next: 40%
Magic:  4/4        EV: 19    Int:  4    God:    Trog [*.....]
Gold:   46         SH:  0    Dex: 18    Spells: 3/3 levels left

rFire    . . .     SeeInvis .   a - +0 spear
rCold    . . .     Gourm    .   (no shield)
rNeg     . . .     Faith    .   b - +0 animal skin
rPois    .         Spirit   .   (no helmet)
rElec    .         Reflect  .   (no cloak)
rCorr    .         Harm     .   (no gloves)
MR       ++...                  (no boots)
Stlth    ++++......             (no amulet)
HPRegen  1.12/turn              i - ring of stealth
MPRegen  0.09/turn              (no ring)

@: agile, berserk cooldown, very slightly contaminated, regenerating, slowed,
very slow
A: change form in water, swift swim, stealthy swim, yellow scales 1, dopey 1
a: Berserk, Renounce Religion


You were on level 4 of the Dungeon.
You worshipped Trog.
Trog was aware of your devotion.
You were near starving.

You visited 1 branch of the dungeon, and saw 4 of its levels.

You collected 46 gold pieces.

Inventory:

Hand Weapons
 a - a +0 spear (weapon)
Missiles
 e - a throwing net (quivered)
Armour
 b - a +0 animal skin (worn)
Jewellery
 i - a ring of stealth (left hand)
Comestibles
 c - 4 rations


   Skills:
 + Level 4.1 Fighting
 + Level 5.8 Polearms
 + Level 1.7 Armour
 + Level 3.2 Dodging


You had 3 spell levels left.
You didn't know any spells.
Your spell library was empty.

Dungeon Overview and Level Annotations

Branches:
Dungeon (4/15)
 Temple: D:4-7

Altars:
Dithmenos

Annotations:
D:4 Pikel


Innate Abilities, Weirdness & Mutations

You revert to your normal form in water.
You are very nimble and swift while swimming.
You are very stealthy in the water. (Stealth+)
You are partially covered in yellow scales. (AC +2)
You are dopey. (Int -2)


Message History

You can no longer call upon Trog for regeneration and magic resistance.
The orc priest hits you with a +0 hand axe.
* * * LOW HITPOINT WARNING * * *
The orc wizard hits you but does no damage.
The orc priest closely misses you.
You closely miss the orc priest.
The orc priest is severely wounded.
The orc wizard hits you but does no damage.
The orc priest barely misses you.
You hit the orc priest but do no damage.
The orc priest is severely wounded.
The orc wizard barely misses you.
The orc priest hits you with a +0 hand axe.
* * * LOW HITPOINT WARNING * * *
The orc wizard hits you but does no damage.
You hit the orc priest.
The orc priest is almost dead.
The orc priest mumbles some strange prayers to Beogh against you.
Beogh smites you!
You die...

............<......#
...................#
...................#
##+#.....###########
...+.....p.l.......#
(..#.....#..p..#.#.#
####.....#####.._..#
####### ###o#.#
#@o.# #####


You could see an orc priest and an orc wizard.

Vanquished Creatures
  2 slaves (D:4)
  A hound (D:4)
  An iguana (D:4)
  A dart slug (D:3)
  A leopard gecko (D:4)
  An orc (D:4)
  A giant cockroach (D:1)
  A goblin (D:1)
  3 quokkas
  3 bats
  3 kobolds
  4 rats
22 creatures vanquished.

Notes
Turn   | Place    | Note
-------+----------+-------------------------------------------
     0 | D:1      | emperorscorpion the Merfolk Berserker began the quest for
                  | the Orb.
     0 | D:1      | Reached XP level 1. HP: 18/18 MP: 1/1
   397 | D:2      | Reached XP level 2. HP: 24/24 MP: 2/2
   671 | D:4      | Reached skill level 5 in Polearms
   671 | D:4      | Reached XP level 3. HP: 22/30 MP: 3/3
   881 | D:4      | Noticed a slave
   891 | D:4      | Noticed Pikel
   891 | D:4      | Noticed a slave
   891 | D:4      | Noticed a slave
   909 | D:4      | Found a shadowy altar of Dithmenos.
   926 | D:4      | Reached ** piety under Trog
   926 | D:4      | Reached XP level 4. HP: 37/37 MP: 4/4
   932 | D:4      | Killed a slave
   941 | D:4      | Killed a slave
   952 | D:4      | Gained mutation: You are dopey. (Int -2) [potion of
                  | mutation]
   952 | D:4      | Gained mutation: You are partially covered in yellow
                  | scales. (AC +2) [potion of mutation]
   961 | D:4      | HP: 1/37 [orc priest/+0 hand axe (6)]
   962 | D:4      | Killed from afar by an orc priest

Vault maps used:
D:1:      scummos_arrival_simple_crosswalls
D:2:      gammafunk_temple_overflow_pools, lemuel_doored_altar,
          lemuel_round_altar, minmay_split_cup_small, uniq_jessica, uniq_natasha
D:3:      gammafunk_ghost_grave, serial_rivers, chequers_serial_rivers_micro_b,
          chequers_serial_rivers_small_b, chequers_serial_rivers_large_a,
          chequers_serial_rivers_small_a, chequers_serial_rivers_marsh,
          chequers_serial_rivers_micro_a, uniq_crazy_yiuf_cottage
D:4:      lemuel_crystal_altar, nicolae_overflow_crystal_walls,
          nicolae_ru_sacrificial_ziggurat, uniq_pikel

Skill      XL: |  1  2 |
---------------+-------+-----
Fighting       | 4 |  4.1
Polearms       | 5 |  5.8
Dodging        | 3 |  3.2
Armour         | |  1.7

Action                   |  1- 3 |  4- 6 || total
-------------------------+-------+-------++-------
Melee: Spear             |    76 |    33 ||   109
Invok: Berserk           |     3 |       ||     3
       Trog's Hand       |       |     1 ||     1
  Use: Potion            |     1 |     2 ||     3
       Scroll            |     1 |       ||     1
 Stab: Sleeping          |     2 |       ||     2
       Invisible         |     1 |     3 ||     4
  Eat: Chunk             |     2 |       ||     2
Armor: Animal skin       |     9 |     3 ||    12
Dodge: Dodged            |    30 |    19 ||    49

Table legend:
 A = Non-vault XP
 B = Vault XP
 C = Vault XP percentage of total XP
 D = Non-vault monster count
 E = Vault monster count
 F = Vault count percentage of total count
                 A         B        C        D         E       F
            +---------+---------+-------+---------+---------+-------
      Total |     116 |       0 |   0.0 |      20 |       0 |   0.0
            +---------+---------+-------+---------+---------+-------
        D:1 |       7 |       0 |   0.0 |       5 |       0 |   0.0
        D:2 |       4 |       0 |   0.0 |       4 |       0 |   0.0
        D:3 |      11 |       0 |   0.0 |       5 |       0 |   0.0
        D:4 |      94 |       0 |   0.0 |       6 |       0 |   0.0
            +---------+---------+-------+---------+---------+-------
